Rimouski Oceanic vs Hershey Bears

Created - 16 décembre 2019 at 12:53

Goals
1 2 3 T
Rimouski Oceanic 0 1 1 2
Hershey Bears 4 4 0 8
Shots
1 2 3 T
Rimouski Oceanic 0 24 7 31
Hershey Bears 14 16 9 39

1st period

1. Hershey Bears , Teddy Blueger 20 (Matt Donovan 13, Brett Howden 39) at 4:23
2. Hershey Bears , Brendan Gaunce 8 (Marian Studenic 11, Nicolas Roy 13) at 13:12
3. Hershey Bears , Marian Studenic 9 (Nicolas Roy 14, Brendan Gaunce 17) at 14:09
4. Hershey Bears , Colby Cave 20 (Travis St. Denis 9) at 14:42

Penalties :
No Penalty

2nd period

5. Hershey Bears , Brendan Gaunce 9 (Igor Ozhiganov 17, Devin Williams) at 2:13
6. Hershey Bears , Brendan Gaunce 10 (Igor Ozhiganov 18, Colby Cave 20) at 4:01
7. Rimouski Oceanic , Nick Paul 4 (Ryan MacInnis 10, Riley Barber 21) at 5:21
8. Hershey Bears , Brendan Gaunce 11 (Colby Cave 21) at 5:27
9. Hershey Bears , Teddy Blueger 21 (Nick DeSimone 18, Cory Conacher 26) at 17:44

Penalties :
Travis St. Denis (BEA) for Fighting (Major) at 0:35, Ryan Dmowski (OCE) for Fighting (Major) at 0:35, Teddy Blueger (BEA) for Fighting (Major) at 3:12, Deven Sideroff (OCE) for Fighting (Major) at 3:12, Nicolas Roy (BEA) for Fighting (Major) at 4:07, Reid Duke (OCE) for Fighting (Major) at 4:07, Matt Donovan (BEA) for Fighting (Major) at 7:21, Dan Renouf (OCE) for Fighting (Major) at 7:21, Brendan Gaunce (BEA) for Fighting (Major) at 10:40, Kyle Burroughs (OCE) for Fighting (Major) at 10:40, Matt Donovan (BEA) for Holding (Minor) at 19:00

3rd period

10. Rimouski Oceanic , Ryan Dmowski 10 (Andreas Englund 5) at 1:04

Penalties :
Felix Girard (OCE) for Holding (Minor) at 2:30, Kyle Burroughs (OCE) for Tripping (Minor) at 17:35

Goalie Stats

Filip Gustavsson (OCE), 19 saves from 23 shots - (0,826), L, 0-5-1, 36:58 minutes
Unknown Goalie (OCE), 12 saves from 16 shots - (0,750), 23:02 minutes
Devin Williams (BEA), 29 saves from 31 shots - (0,935), W, 11-8-1, 60:00 minutes

Players Stats for Rimouski Oceanic

Player Name              G  A  P  +/- PIM S  H  SB GA TA FO     MP     PP MP  PK MP  
------------------------------------------------------------------------------------
Andreas Englund          0  1  1  -2  0   3  2  1  1  1  0/0    18:00   0:52   1:40 
Ben Sexton               0  0  0  -4  0   4  1  1  0  0  5/11   23:20   1:05   0:52 
Connor Carrick           0  0  0  -2  0   0  2  2  1  1  0/0    24:17   1:07   1:54 
Dan Renouf               0  0  0  -2  5   1  1  0  0  0  0/0    16:23   0:52   1:40 
Deven Sideroff           0  0  0  -1  5   1  3  0  0  0  0/0    16:05   0:54   0:00 
Felix Girard             0  0  0  -3  2   5  3  1  0  0  6/14   23:48   1:05   0:42 
Jake Chelios             0  0  0   0  0   0  0  0  0  0  0/0     5:13   0:00   0:24 
Kyle Burroughs           0  0  0  -1  7   0  1  1  1  1  0/0    12:55   0:00   0:23 
Kyle Capobianco          0  0  0  -1  0   0  0  0  0  0  0/0     6:32   0:00   0:00 
Mark Alt                 0  0  0  -1  0   0  1  1  0  0  0/0    11:20   0:00   0:24 
Nick Paul                1  0  1   1  0   5  3  0  0  0  1/4    25:03   0:54   2:01 
Reid Duke                0  0  0  -2  5   0  0  0  1  0  0/0     9:06   0:00   0:20 
Riley Barber             0  1  1   1  0   6  2  0  2  2  7/25   25:45   0:54   2:01 
Ryan Dmowski             1  0  1  -2  5   1  1  2  0  0  0/0    16:49   1:05   0:24 
Ryan MacInnis            0  1  1  -2  0   5  3  1  0  0  2/4    15:06   0:00   0:00 
Steven Fogarty           0  0  0  -6  0   0  1  0  0  0  1/1    15:24   0:00   1:13 
Taylor Fedun             0  0  0  -2  0   0  1  5  0  0  0/0    24:17   1:07   1:54 
William Borgen           0  0  0  -1  0   0  0  0  0  0  0/0     6:32   0:00   0:00 

Players Stats for Hershey Bears

Player Name              G  A  P  +/- PIM S  H  SB GA TA FO     MP     PP MP  PK MP  
------------------------------------------------------------------------------------
Boo Nieves               0  0  0   0  0   4  4  0  0  0  2/3    12:50   0:31   0:29 
Brendan Gaunce           4  1  5   3  5   6  3  1  2  0  3/7    15:28   2:03   0:29 
Brett Howden             0  1  1   1  0   1  2  2  0  0  23/36  21:52   1:24   0:00 
Brett Pollock            0  0  0   1  0   0  0  0  0  0  1/1     8:42   0:00   0:00 
Colby Cave               1  2  3   4  0   4  1  0  0  0  1/4    16:06   0:02   1:30 
Colby Sissons            0  0  0   1  0   1  0  2  0  0  0/0    14:51   0:00   0:00 
Cory Conacher            0  1  1   1  0   6  2  1  2  1  1/1    21:52   1:24   0:00 
Dalton Prout             0  0  0   0  0   2  3  1  1  2  0/0    24:12   1:45   1:27 
Igor Ozhiganov           0  2  2   4  0   4  1  2  0  1  0/0    21:52   1:45   1:01 
Marian Studenic          1  1  2   2  0   2  0  0  0  0  0/0    11:37   0:26   0:00 
Matheson Iacopelli       0  0  0   1  0   0  0  0  0  0  0/0     8:42   0:00   0:00 
Matt Donovan             0  1  1   4  7   0  0  1  0  2  0/0    18:28   2:13   0:00 
Nick DeSimone            0  1  1   1  0   2  0  0  0  0  0/0    23:42   2:13   0:58 
Nicolas Roy              0  2  2   1  5   1  1  0  0  0  5/5    13:04   0:37   0:00 
Riley Stillman           0  0  0   1  0   0  2  0  0  0  0/0    16:58   0:00   0:32 
Ross Colton              0  0  0   1  0   1  1  0  0  0  0/0    12:28   2:03   0:00 
Teddy Blueger            2  0  2   2  5   3  0  0  0  0  1/1    20:35   1:21   1:30 
Travis St. Denis         0  1  1   2  5   2  1  0  0  0  0/1    14:36   2:03   0:00 

3 Stars

1 - Brendan Gaunce (BEA)
2 - Colby Cave (BEA)
3 - Igor Ozhiganov (BEA)

Power Play

Rimouski Oceanic - 0 on 1 Attempt(s) - 0,00%
Hershey Bears - 0 on 2 Attempt(s) - 0,00%

Penalty Kill

Rimouski Oceanic - 2 on 2 Attempt(s) - 100,00% - Score 0 goal in Penalty Kill
Hershey Bears - 1 on 1 Attempt(s) - 100,00% - Score 0 goal in Penalty Kill

Team Stat

Rimouski Oceanic - Hits : 25 - Faceoff Wins : 22 - Blocked Shots : 15 - Penalty Minutes : 29
Hershey Bears - Hits : 21 - Faceoff Wins : 37 - Blocked Shots : 10 - Penalty Minutes : 27

Official

Referees : TJ Luxmore and Marc Joannette
Linesman : Ryan Galloway and Scott Cherrey

Game Notes

Unknown Goalie enters game at 14:42 of 1st period
Travis St. Denis beats up Ryan Dmowski at 0:35 of 2nd period
Teddy Blueger and Deven Sideroff fight to a draw at 3:12 of 2nd period
Brendan Gaunce has scored a Hat Trick!
Nicolas Roy and Reid Duke fight to a draw at 4:07 of 2nd period
Matt Donovan beats up Dan Renouf at 7:21 of 2nd period
Kyle Burroughs beats up Brendan Gaunce at 10:40 of 2nd period
Filip Gustavsson enters game at 17:44 of 2nd period

Finance

Level 1 -- Attendance: 1391 (69,55%) -- Ticket Income 48 685 $
Level 2 -- Attendance: 784 (78,40%) -- Ticket Income 11 760 $
Total Attendance: 2175 (72,50%)
Total Ticket Income: 60 445 $
Other Income: 29 618 $
Total Income: 90 063 $

Rimouski Oceanic

5 vs 5 Forward 
   Center                   Left Wing                Right Wing               Time % Phy DF OF 
 1 Riley Barber             Nick Paul                Deven Sideroff           40     1   2  2  
 2 Ben Sexton               Ryan Dmowski             Felix Girard             30     1   2  2  
 3 Felix Girard             Riley Barber             Nick Paul                20     1   2  2  
 4 Ryan MacInnis            Ben Sexton               Steven Fogarty           10     1   2  2  

5 vs 5 Defense 
   Defense                  Defense                                           Time % Phy DF OF 
 1 Connor Carrick           Taylor Fedun                                      40     1   2  2  
 2 Andreas Englund          Dan Renouf                                        30     1   2  2  
 3 Mark Alt                 Kyle Burroughs                                    20     1   2  2  
 4 Kyle Capobianco          William Borgen                                    10     1   2  2  

PowerPlay Forward 
   Center                   Left Wing                Right Wing               Time % Phy DF OF 
 1 Riley Barber             Nick Paul                Deven Sideroff           60     1   2  2  
 2 Ben Sexton               Ryan Dmowski             Felix Girard             40     1   2  2  

PowerPlay Defense
   Defense                  Defense                                           Time % Phy DF OF 
 1 Connor Carrick           Taylor Fedun                                      60     1   2  2  
 2 Andreas Englund          Dan Renouf                                        40     1   2  2  

Penalty Kill 4 Players Forward 
   Center                   Wing                     Time % Phy DF OF 
 1 Riley Barber             Nick Paul                60     1   2  2  
 2 Ben Sexton               Felix Girard             40     1   2  2  

Penalty Kill 4 Players Defense
   Defense                  Defense                  Time % Phy DF OF 
 1 Connor Carrick           Taylor Fedun             60     1   2  2  
 2 Andreas Englund          Dan Renouf               40     1   2  2  

Penalty Kill - 3 Players Forward 
   Forward                                           Time % Phy DF OF 
 1 Riley Barber                                      60     1   2  2  
 2 Nick Paul                                         40     1   2  2  

Penalty Kill - 3 Players Defense
   Defense                  Defense                  Time % Phy DF OF 
 1 Connor Carrick           Taylor Fedun             60     1   2  2  
 2 Andreas Englund          Dan Renouf               40     1   2  2  

4 vs 4 Forward 
   Center                   Wing                     Time % Phy DF OF 
 1 Riley Barber             Nick Paul                60     1   2  2  
 2 Ben Sexton               Felix Girard             40     1   2  2  

4 vs 4 Defense
   Defense                  Defense                  Time % Phy DF OF 
 1 Connor Carrick           Taylor Fedun             60     1   2  2  
 2 Andreas Englund          Dan Renouf               40     1   2  2  

Last Minutes Offensive
   Center                   Left Wing                Right Wing               Defense                  Defense                  
   Riley Barber             Nick Paul                Deven Sideroff           Connor Carrick           Taylor Fedun             

Last Minutes Defensive
   Center                   Left Wing                Right Wing               Defense                  Defense                  
   Riley Barber             Nick Paul                Deven Sideroff           Connor Carrick           Taylor Fedun             

Goaltenders
Starting : Filip Gustavsson         
Backup : Unknown Goalie           

Extra Forwards
Normal : Reid Duke, Ryan MacInnis, Steven Fogarty - PP : Reid Duke, Ryan MacInnis - PK : Steven Fogarty
Extra Defensemen
Normal : Jake Chelios, Mark Alt, Kyle Burroughs - PP : Jake Chelios - PK : Mark Alt, Kyle Burroughs
Penalty Shots
Riley Barber, Nick Paul, Ben Sexton, Felix Girard, Ryan MacInnis

Scratches
Nicholas Baptiste (Healthy), Connor Clifton (Healthy), Marco Roy (Healthy), Jeremy Gregoire (Healthy), Mark McNeill (Healthy)
Grayson Downing (Healthy), Tim Clifton (Healthy), Tyler Sikura (Healthy), Jordan Nolan (Healthy), Chris Nell (Healthy)
Tyler Parsons (Healthy)

Hershey Bears

5 vs 5 Forward 
   Center                   Left Wing                Right Wing               Time % Phy DF OF 
 1 Brett Howden             Cory Conacher            Teddy Blueger            40     0   1  4  
 2 Brendan Gaunce           Colby Cave               Travis St. Denis         30     0   1  4  
 3 Nicolas Roy              Ross Colton              Marian Studenic          20     0   2  3  
 4 Boo Nieves               Matheson Iacopelli       Brett Pollock            10     0   2  3  

5 vs 5 Defense 
   Defense                  Defense                                           Time % Phy DF OF 
 1 Dalton Prout             Nick DeSimone                                     42     0   2  3  
 2 Igor Ozhiganov           Matt Donovan                                      33     0   2  3  
 3 Riley Stillman           Colby Sissons                                     25     0   2  3  
 4 Nick DeSimone            Igor Ozhiganov                                    0      1   2  2  

PowerPlay Forward 
   Center                   Left Wing                Right Wing               Time % Phy DF OF 
 1 Brett Howden             Teddy Blueger            Cory Conacher            60     0   0  5  
 2 Brendan Gaunce           Ross Colton              Travis St. Denis         40     0   1  4  

PowerPlay Defense
   Defense                  Defense                                           Time % Phy DF OF 
 1 Nick DeSimone            Matt Donovan                                      60     0   1  4  
 2 Dalton Prout             Igor Ozhiganov                                    40     0   1  4  

Penalty Kill 4 Players Forward 
   Center                   Wing                     Time % Phy DF OF 
 1 Colby Cave               Teddy Blueger            60     0   4  1  
 2 Boo Nieves               Brendan Gaunce           40     0   4  1  

Penalty Kill 4 Players Defense
   Defense                  Defense                  Time % Phy DF OF 
 1 Nick DeSimone            Dalton Prout             60     0   4  1  
 2 Matt Donovan             Igor Ozhiganov           40     0   4  1  

Penalty Kill - 3 Players Forward 
   Forward                                           Time % Phy DF OF 
 1 Teddy Blueger                                     60     0   5  0  
 2 Colby Cave                                        40     0   5  0  

Penalty Kill - 3 Players Defense
   Defense                  Defense                  Time % Phy DF OF 
 1 Nick DeSimone            Dalton Prout             60     1   4  0  
 2 Matt Donovan             Igor Ozhiganov           40     1   4  0  

4 vs 4 Forward 
   Center                   Wing                     Time % Phy DF OF 
 1 Brett Howden             Teddy Blueger            60     0   1  4  
 2 Brendan Gaunce           Nicolas Roy              40     0   2  3  

4 vs 4 Defense
   Defense                  Defense                  Time % Phy DF OF 
 1 Nick DeSimone            Matt Donovan             60     0   1  4  
 2 Dalton Prout             Igor Ozhiganov           40     0   2  3  

Last Minutes Offensive
   Center                   Left Wing                Right Wing               Defense                  Defense                  
   Brendan Gaunce           Teddy Blueger            Cory Conacher            Nick DeSimone            Matt Donovan             

Last Minutes Defensive
   Center                   Left Wing                Right Wing               Defense                  Defense                  
   Brett Howden             Colby Cave               Teddy Blueger            Dalton Prout             Nick DeSimone            

Goaltenders
Starting : Devin Williams           
Backup : Mike McKenna             

Extra Forwards
Normal : Nicolas Roy, Boo Nieves, Marian Studenic - PP : Nicolas Roy, Boo Nieves - PK : Marian Studenic
Extra Defensemen
Normal : Riley Stillman, Colby Sissons, Matt Donovan - PP : Riley Stillman - PK : Dalton Prout, Matt Donovan
Penalty Shots
Colby Cave, Brendan Gaunce, Cory Conacher, Nicolas Roy, Travis St. Denis

Scratches
Parker Wotherspoon (Healthy), Etienne Marcoux (Healthy)

% Time on Ice - Rimouski Oceanic

Lines # - Real PCT - Wanted PCT - Time Play
Normal Forward
1 - 35% - 40% - 18:48
2 - 31% - 30% - 16:54
3 - 14% - 20% - 7:25
4 - 20% - 10% - 10:56
Normal Defense
1 - 39% - 40% - 21:16
2 - 30% - 30% - 16:18
3 - 18% - 20% - 9:57
4 - 12% - 10% - 6:32
PP Forward
1 - 45% - 60% - 0:54
2 - 55% - 40% - 1:05
PP Defense
1 - 56% - 60% - 1:07
2 - 44% - 40% - 0:52
PK Forward
1 - 78% - 60% - 3:06
2 - 22% - 40% - 0:52
PK Defense
1 - 48% - 60% - 1:54
2 - 52% - 40% - 2:04
PK3 Forward
1 - 0% - 60%
2 - 0% - 40%
PK3 Defense
1 - 0% - 60%
2 - 0% - 40%
44 Forward
1 - 0% - 60%
2 - 0% - 40%
44 Defense
1 - 0% - 60%
2 - 0% - 40%
Last Minute Offensive  - 0:00
Last Minute Defensive  - 0:00
Total
Forward - 60:00
Defense - 60:00

% Time on Ice - Hershey Bears

Lines # - Real PCT - Wanted PCT - Time Play
Normal Forward
1 - 38% - 40% - 20:29
2 - 27% - 30% - 14:22
3 - 19% - 20% - 10:30
4 - 16% - 10% - 8:42
Normal Defense
1 - 38% - 42% - 20:29
2 - 35% - 33% - 19:04
3 - 27% - 25% - 14:28
4 - 0% - 0% - 0:02
PP Forward
1 - 44% - 60% - 1:45
2 - 56% - 40% - 2:13
PP Defense
1 - 56% - 60% - 2:13
2 - 44% - 40% - 1:45
PK Forward
1 - 76% - 60% - 1:30
2 - 24% - 40% - 0:29
PK Defense
1 - 49% - 60% - 0:58
2 - 51% - 40% - 1:01
PK3 Forward
1 - 0% - 60%
2 - 0% - 40%
PK3 Defense
1 - 0% - 60%
2 - 0% - 40%
44 Forward
1 - 0% - 60%
2 - 0% - 40%
44 Defense
1 - 0% - 60%
2 - 0% - 40%
Last Minute Offensive  - 0:00
Last Minute Defensive  - 0:00
Total
Forward - 60:00
Defense - 60:00

Play-by-Play

1st period


0:01 of 1st period - Brett Howden wins face-off versus Riley Barber in neutral zone.
0:26 of 1st period - Connor Carrick is hit by Dalton Prout.
0:58 of 1st period - Snap shot by Riley Barber.
0:58 of 1st period - Shot Misses the Net.
1:38 of 1st period - Snap shot by Travis St. Denis.
1:38 of 1st period - Stopped by Filip Gustavsson with a rebound.
1:52 of 1st period - Taylor Fedun is hit by Riley Stillman and loses puck.
1:57 of 1st period - Snap shot by Nicolas Roy.
1:57 of 1st period - Shot Misses the Net.
1:59 of 1st period - Slapshot by Igor Ozhiganov.
1:59 of 1st period - Stopped by Filip Gustavsson without a rebound.
2:00 of 1st period - Brett Howden wins face-off versus Riley Barber in Rimouski Oceanic zone.
2:44 of 1st period - Ross Colton is hit by Ryan MacInnis.
2:55 of 1st period - Snap shot by Steven Fogarty.
2:55 of 1st period - Shot Blocked by Colby Sissons.
4:13 of 1st period - Wrist shot by Nicolas Roy.
4:13 of 1st period - Shot Misses the Net.
4:15 of 1st period - Slapshot by Igor Ozhiganov.
4:15 of 1st period - Deflect By Cory Conacher.
4:15 of 1st period - Stopped by Filip Gustavsson with a rebound.
4:17 of 1st period - Snap shot by Teddy Blueger.
4:17 of 1st period - Stopped by Filip Gustavsson with a rebound.
4:19 of 1st period - Snap shot by Brett Howden.
4:19 of 1st period - Stopped by Filip Gustavsson with a rebound.
4:21 of 1st period - Snap shot by Matt Donovan.
4:21 of 1st period - Shot Misses the Net.
4:23 of 1st period - Snap shot by Teddy Blueger.
4:23 of 1st period - Goal by Teddy Blueger - Rimouski Oceanic : 0 - Hershey Bears : 1.
4:24 of 1st period - Riley Barber wins face-off versus Brett Howden in neutral zone.
4:33 of 1st period - Dalton Prout is hit by Deven Sideroff and loses puck.
5:03 of 1st period - Snap shot by Colby Cave.
5:03 of 1st period - Stopped by Filip Gustavsson with a rebound.
5:13 of 1st period - Nicolas Roy is hit by Steven Fogarty and loses puck.
5:54 of 1st period - Ryan MacInnis is hit by Riley Stillman and loses puck.
6:17 of 1st period - Wrist shot by Reid Duke.
6:17 of 1st period - Deflect By Ryan Dmowski.
6:17 of 1st period - Shot Blocked by Igor Ozhiganov.
6:17 of 1st period - Puck is out of play.
6:18 of 1st period - Brett Howden wins face-off versus Felix Girard in Hershey Bears zone.
6:18 of 1st period - Brett Howden is hit by Riley Barber.
6:26 of 1st period - Slapshot by Cory Conacher.
6:26 of 1st period - Stopped by Filip Gustavsson with a rebound.
6:53 of 1st period - Ryan MacInnis is hit by Brendan Gaunce and loses puck.
7:42 of 1st period - Felix Girard is hit by Cory Conacher and loses puck.
9:42 of 1st period - Snap shot by Nicolas Roy.
9:42 of 1st period - Stopped by Filip Gustavsson with a rebound.
11:22 of 1st period - Riley Barber is hit by Boo Nieves and loses puck.
12:20 of 1st period - Dan Renouf is hit by Brett Howden.
13:12 of 1st period - Wrist shot by Brendan Gaunce.
13:12 of 1st period - Goal by Brendan Gaunce - Rimouski Oceanic : 0 - Hershey Bears : 2.
13:13 of 1st period - Ben Sexton wins face-off versus Brett Howden in neutral zone.
13:28 of 1st period - Dalton Prout is hit by Felix Girard.
13:59 of 1st period - Wrist shot by Nicolas Roy.
13:59 of 1st period - Shot Misses the Net.
14:01 of 1st period - Snap shot by Marian Studenic.
14:01 of 1st period - Shot Misses the Net.
14:07 of 1st period - Snap shot by Marian Studenic.
14:07 of 1st period - Stopped by Filip Gustavsson with a rebound.
14:09 of 1st period - Backhand shot by Marian Studenic.
14:09 of 1st period - Goal by Marian Studenic - Rimouski Oceanic : 0 - Hershey Bears : 3.
14:10 of 1st period - Felix Girard wins face-off versus Brett Howden in neutral zone.
14:17 of 1st period - Wrist shot by Riley Barber.
14:17 of 1st period - Shot Blocked by Brett Howden.
14:42 of 1st period - Snap shot by Colby Cave.
14:42 of 1st period - Goal by Colby Cave - Rimouski Oceanic : 0 - Hershey Bears : 4.
14:42 of 1st period - Unknown Goalie enters game.
14:43 of 1st period - Brett Howden wins face-off versus Riley Barber in neutral zone.
14:56 of 1st period - Snap shot by Cory Conacher.
14:56 of 1st period - Shot Misses the Net.
16:24 of 1st period - Ryan MacInnis is hit by Brendan Gaunce and loses puck.
16:29 of 1st period - Snap shot by Brendan Gaunce.
16:29 of 1st period - Shot Misses the Net.
16:31 of 1st period - Slapshot by Colby Cave.
16:31 of 1st period - Stopped by Unknown Goalie with a rebound.
17:08 of 1st period - Matheson Iacopelli is hit by Taylor Fedun and loses puck.
17:43 of 1st period - Felix Girard is hit by Cory Conacher and loses puck.
18:04 of 1st period - Igor Ozhiganov is hit by Mark Alt and loses puck.
18:28 of 1st period - Matt Donovan is hit by Felix Girard and loses puck.
Goals for this period are 0 for Rimouski Oceanic vs 4 for Hershey Bears.
Shots for this period are 0 for Rimouski Oceanic vs 14 for Hershey Bears.

2nd period


0:01 of 2nd period - Brett Howden wins face-off versus Riley Barber in neutral zone.
0:10 of 2nd period - Snap shot by Brett Howden.
0:10 of 2nd period - Shot Misses the Net.
0:12 of 2nd period - Wrist shot by Cory Conacher.
0:12 of 2nd period - Shot Misses the Net.
0:35 of 2nd period - Travis St. Denis beats up Ryan Dmowski.
0:35 of 2nd period - Penalty to Travis St. Denis for Fighting.
0:35 of 2nd period - Penalty to Ryan Dmowski for Fighting.
0:36 of 2nd period - Felix Girard wins face-off versus Brett Howden in neutral zone.
1:28 of 2nd period - Slapshot by Igor Ozhiganov.
1:28 of 2nd period - Shot Misses the Net.
1:30 of 2nd period - Wrist shot by Matheson Iacopelli.
1:30 of 2nd period - Deflect By Dan Renouf.
1:30 of 2nd period - Shot Misses the Net.
1:30 of 2nd period - Puck is out of play.
1:31 of 2nd period - Brett Howden wins face-off versus Ben Sexton in Rimouski Oceanic zone.
1:58 of 2nd period - Igor Ozhiganov is hit by Riley Barber and loses puck.
2:13 of 2nd period - Slapshot by Brendan Gaunce.
2:13 of 2nd period - Goal by Brendan Gaunce - Rimouski Oceanic : 0 - Hershey Bears : 5.
2:14 of 2nd period - Felix Girard wins face-off versus Brett Howden in neutral zone.
2:19 of 2nd period - Wrist shot by Nick Paul.
2:19 of 2nd period - Stopped by Devin Williams without a rebound.
2:20 of 2nd period - Felix Girard wins face-off versus Brett Howden in Hershey Bears zone.
2:25 of 2nd period - Wrist shot by Riley Barber.
2:25 of 2nd period - Stopped by Devin Williams with a rebound.
2:27 of 2nd period - Backhand shot by Felix Girard.
2:27 of 2nd period - Stopped by Devin Williams with a rebound.
2:29 of 2nd period - Snap shot by Felix Girard.
2:29 of 2nd period - Stopped by Devin Williams with a rebound.
2:35 of 2nd period - Snap shot by Connor Carrick.
2:35 of 2nd period - Shot Misses the Net.
2:45 of 2nd period - Snap shot by Ryan MacInnis.
2:45 of 2nd period - Stopped by Devin Williams without a rebound.
2:46 of 2nd period - Nicolas Roy wins face-off versus Ryan MacInnis in Hershey Bears zone.
2:53 of 2nd period - Colby Cave is hit by Ryan MacInnis and loses puck.
3:02 of 2nd period - Snap shot by Ben Sexton.
3:02 of 2nd period - Stopped by Devin Williams without a rebound.
3:03 of 2nd period - Brett Howden wins face-off versus Riley Barber in Hershey Bears zone.
3:12 of 2nd period - Teddy Blueger and Deven Sideroff fight to a draw.
3:12 of 2nd period - Penalty to Teddy Blueger for Fighting.
3:12 of 2nd period - Penalty to Deven Sideroff for Fighting.
3:13 of 2nd period - Brett Howden wins face-off versus Riley Barber in neutral zone.
3:16 of 2nd period - Snap shot by Cory Conacher.
3:16 of 2nd period - Shot Misses the Net.
3:26 of 2nd period - Backhand shot by Riley Barber.
3:26 of 2nd period - Stopped by Devin Williams without a rebound.
3:27 of 2nd period - Brett Howden wins face-off versus Riley Barber in Hershey Bears zone.
3:36 of 2nd period - Cory Conacher is hit by Nick Paul and loses puck.
3:55 of 2nd period - Wrist shot by Colby Cave.
3:55 of 2nd period - Deflect By Brendan Gaunce.
3:55 of 2nd period - Stopped by Unknown Goalie with a rebound.
3:57 of 2nd period - Wrist shot by Colby Cave.
3:57 of 2nd period - Shot Misses the Net.
3:59 of 2nd period - Snap shot by Igor Ozhiganov.
3:59 of 2nd period - Deflect By Taylor Fedun.
3:59 of 2nd period - Stopped by Unknown Goalie with a rebound.
4:01 of 2nd period - Wrist shot by Brendan Gaunce.
4:01 of 2nd period - Goal by Brendan Gaunce - Rimouski Oceanic : 0 - Hershey Bears : 6.
4:02 of 2nd period - Brett Howden wins face-off versus Riley Barber in neutral zone.
4:07 of 2nd period - Nicolas Roy and Reid Duke fight to a draw.
4:07 of 2nd period - Penalty to Nicolas Roy for Fighting.
4:07 of 2nd period - Penalty to Reid Duke for Fighting.
4:08 of 2nd period - Brett Howden wins face-off versus Nick Paul in neutral zone.
4:15 of 2nd period - Wrist shot by Nick Paul.
4:15 of 2nd period - Stopped by Devin Williams without a rebound.
4:16 of 2nd period - Brett Howden wins face-off versus Riley Barber in Hershey Bears zone.
4:16 of 2nd period - Brett Howden is hit by Kyle Burroughs.
4:28 of 2nd period - Snap shot by Nick Paul.
4:28 of 2nd period - Stopped by Devin Williams with a rebound.
4:30 of 2nd period - Wrist shot by Riley Barber.
4:30 of 2nd period - Shot Blocked by Dalton Prout.
5:03 of 2nd period - Wrist shot by Riley Barber.
5:03 of 2nd period - Shot Misses the Net.
5:05 of 2nd period - Slapshot by Nick Paul.
5:05 of 2nd period - Shot Misses the Net.
5:07 of 2nd period - Slapshot by Mark Alt.
5:07 of 2nd period - Shot Blocked by Cory Conacher.
5:13 of 2nd period - Slapshot by Nick Paul.
5:13 of 2nd period - Shot Blocked by Brett Howden.
5:15 of 2nd period - Snap shot by Ryan MacInnis.
5:15 of 2nd period - Stopped by Devin Williams with a rebound.
5:17 of 2nd period - Backhand shot by Riley Barber.
5:17 of 2nd period - Stopped by Devin Williams with a rebound.
5:19 of 2nd period - Wrist shot by Ryan MacInnis.
5:19 of 2nd period - Stopped by Devin Williams with a rebound.
5:21 of 2nd period - Slapshot by Nick Paul.
5:21 of 2nd period - Goal by Nick Paul - Rimouski Oceanic : 1 - Hershey Bears : 6.
5:22 of 2nd period - Brendan Gaunce wins face-off versus Ben Sexton in neutral zone.
5:27 of 2nd period - Wrist shot by Brendan Gaunce.
5:27 of 2nd period - Goal by Brendan Gaunce - Rimouski Oceanic : 1 - Hershey Bears : 7.
5:28 of 2nd period - Ben Sexton wins face-off versus Brendan Gaunce in neutral zone.
5:31 of 2nd period - Matt Donovan is hit by Ryan MacInnis and loses puck.
5:46 of 2nd period - Ben Sexton is hit by Brendan Gaunce and loses puck.
6:46 of 2nd period - Icing by Cory Conacher.
6:47 of 2nd period - Brett Howden wins face-off versus Riley Barber in Hershey Bears zone.
6:56 of 2nd period - Snap shot by Cory Conacher.
6:56 of 2nd period - Shot Misses the Net.
6:58 of 2nd period - Wrist shot by Colby Cave.
6:58 of 2nd period - Shot Misses the Net.
7:09 of 2nd period - Off-side.
7:10 of 2nd period - Riley Barber wins face-off versus Brett Howden in neutral zone.
7:12 of 2nd period - Off-side.
7:13 of 2nd period - Brett Howden wins face-off versus Riley Barber in neutral zone.
7:21 of 2nd period - Matt Donovan beats up Dan Renouf.
7:21 of 2nd period - Penalty to Matt Donovan for Fighting.
7:21 of 2nd period - Penalty to Dan Renouf for Fighting.
7:22 of 2nd period - Boo Nieves wins face-off versus Felix Girard in Hershey Bears zone.
7:27 of 2nd period - Slapshot by Nick Paul.
7:27 of 2nd period - Stopped by Devin Williams with a rebound.
7:54 of 2nd period - Off-side.
7:55 of 2nd period - Brendan Gaunce wins face-off versus Felix Girard in neutral zone.
8:22 of 2nd period - Slapshot by Ryan MacInnis.
8:22 of 2nd period - Stopped by Devin Williams with a rebound.
8:30 of 2nd period - Jake Chelios is hit by Dalton Prout and loses puck.
8:43 of 2nd period - Riley Stillman is hit by Nick Paul and loses puck.
9:16 of 2nd period - Snap shot by Nick Paul.
9:16 of 2nd period - Shot Misses the Net.
9:18 of 2nd period - Snap shot by Ben Sexton.
9:18 of 2nd period - Shot Misses the Net.
9:20 of 2nd period - Slapshot by Andreas Englund.
9:20 of 2nd period - Deflect By Travis St. Denis.
9:20 of 2nd period - Stopped by Devin Williams without a rebound.
9:21 of 2nd period - Brett Howden wins face-off versus Ben Sexton in Hershey Bears zone.
9:30 of 2nd period - Snap shot by Cory Conacher.
9:30 of 2nd period - Stopped by Unknown Goalie with a rebound.
9:32 of 2nd period - Snap shot by Teddy Blueger.
9:32 of 2nd period - Shot Misses the Net.
9:34 of 2nd period - Backhand shot by Igor Ozhiganov.
9:34 of 2nd period - Shot Misses the Net.
9:36 of 2nd period - Wrist shot by Cory Conacher.
9:36 of 2nd period - Shot Blocked by Ben Sexton.
10:04 of 2nd period - Snap shot by Connor Carrick.
10:04 of 2nd period - Shot Misses the Net.
10:06 of 2nd period - Snap shot by Ben Sexton.
10:06 of 2nd period - Stopped by Devin Williams with a rebound.
10:08 of 2nd period - Slapshot by Ben Sexton.
10:08 of 2nd period - Stopped by Devin Williams with a rebound.
10:10 of 2nd period - Snap shot by Ben Sexton.
10:10 of 2nd period - Shot Misses the Net.
10:12 of 2nd period - Slapshot by Connor Carrick.
10:12 of 2nd period - Shot Blocked by Brendan Gaunce.
10:14 of 2nd period - Snap shot by Felix Girard.
10:14 of 2nd period - Stopped by Devin Williams without a rebound.
10:15 of 2nd period - Brett Howden wins face-off versus Riley Barber in Hershey Bears zone.
10:15 of 2nd period - Brett Howden is hit by Deven Sideroff.
10:40 of 2nd period - Kyle Burroughs beats up Brendan Gaunce.
10:40 of 2nd period - Penalty to Brendan Gaunce for Fighting.
10:40 of 2nd period - Penalty to Kyle Burroughs for Fighting.
10:41 of 2nd period - Brett Howden wins face-off versus Felix Girard in Hershey Bears zone.
10:41 of 2nd period - Brett Howden is hit by Felix Girard.
11:07 of 2nd period - Snap shot by Travis St. Denis.
11:07 of 2nd period - Shot Misses the Net.
11:09 of 2nd period - Slapshot by Igor Ozhiganov.
11:09 of 2nd period - Stopped by Unknown Goalie with a rebound.
11:11 of 2nd period - Snap shot by Travis St. Denis.
11:11 of 2nd period - Shot Misses the Net.
11:15 of 2nd period - Snap shot by Travis St. Denis.
11:15 of 2nd period - Stopped by Unknown Goalie without a rebound.
11:16 of 2nd period - Nicolas Roy wins face-off versus Ben Sexton in Rimouski Oceanic zone.
11:29 of 2nd period - Ryan Dmowski is hit by Ross Colton and loses puck.
11:54 of 2nd period - Snap shot by Riley Barber.
11:54 of 2nd period - Stopped by Devin Williams without a rebound.
11:55 of 2nd period - Nicolas Roy wins face-off versus Felix Girard in Hershey Bears zone.
11:55 of 2nd period - Nicolas Roy is hit by Nick Paul.
12:02 of 2nd period - Off-side.
12:03 of 2nd period - Nicolas Roy wins face-off versus Felix Girard in neutral zone.
12:07 of 2nd period - Off-side.
12:08 of 2nd period - Brett Howden wins face-off versus Felix Girard in neutral zone.
12:10 of 2nd period - Off-side.
12:11 of 2nd period - Felix Girard wins face-off versus Brett Howden in neutral zone.
12:38 of 2nd period - Slapshot by Igor Ozhiganov.
12:38 of 2nd period - Stopped by Unknown Goalie with a rebound.
12:40 of 2nd period - Slapshot by Igor Ozhiganov.
12:40 of 2nd period - Shot Blocked by Taylor Fedun.
12:44 of 2nd period - Slapshot by Boo Nieves.
12:44 of 2nd period - Deflect By Riley Barber.
12:44 of 2nd period - Stopped by Unknown Goalie with a rebound.
12:46 of 2nd period - Wrist shot by Boo Nieves.
12:46 of 2nd period - Stopped by Unknown Goalie without a rebound.
12:47 of 2nd period - Ryan MacInnis wins face-off versus Travis St. Denis in Rimouski Oceanic zone.
12:55 of 2nd period - Slapshot by Ben Sexton.
12:55 of 2nd period - Stopped by Devin Williams with a rebound.
12:57 of 2nd period - Snap shot by Ryan MacInnis.
12:57 of 2nd period - Stopped by Devin Williams without a rebound.
12:58 of 2nd period - Cory Conacher wins face-off versus Ben Sexton in Hershey Bears zone.
13:32 of 2nd period - Snap shot by Riley Barber.
13:32 of 2nd period - Shot Misses the Net.
13:34 of 2nd period - Slapshot by Connor Carrick.
13:34 of 2nd period - Shot Misses the Net.
13:36 of 2nd period - Slapshot by Riley Barber.
13:36 of 2nd period - Stopped by Devin Williams with a rebound.
13:38 of 2nd period - Snap shot by Deven Sideroff.
13:38 of 2nd period - Stopped by Devin Williams with a rebound.
13:52 of 2nd period - Off-side.
13:53 of 2nd period - Brett Pollock wins face-off versus Felix Girard in neutral zone.
14:01 of 2nd period - Off-side.
14:02 of 2nd period - Nick Paul wins face-off versus Brett Howden in neutral zone.
14:08 of 2nd period - Off-side.
14:09 of 2nd period - Brett Howden wins face-off versus Nick Paul in neutral zone.
14:58 of 2nd period - Snap shot by Brett Pollock.
14:58 of 2nd period - Shot Misses the Net.
15:00 of 2nd period - Slapshot by Dalton Prout.
15:00 of 2nd period - Stopped by Unknown Goalie with a rebound.
15:02 of 2nd period - Snap shot by Brett Pollock.
15:02 of 2nd period - Shot Blocked by Felix Girard.
15:04 of 2nd period - Snap shot by Matheson Iacopelli.
15:04 of 2nd period - Deflect By Ryan Dmowski.
15:04 of 2nd period - Shot Misses the Net.
15:04 of 2nd period - Puck is out of play.
15:05 of 2nd period - Riley Barber wins face-off versus Brett Howden in Rimouski Oceanic zone.
15:41 of 2nd period - Connor Carrick is hit by Nicolas Roy and loses puck.
16:00 of 2nd period - Snap shot by Brendan Gaunce.
16:00 of 2nd period - Shot Hit the Post.
16:02 of 2nd period - Slapshot by Colby Cave.
16:02 of 2nd period - Shot Blocked by Connor Carrick.
16:04 of 2nd period - Snap shot by Brendan Gaunce.
16:04 of 2nd period - Shot Misses the Net.
16:06 of 2nd period - Snap shot by Colby Cave.
16:06 of 2nd period - Shot Misses the Net.
16:18 of 2nd period - Reid Duke is hit by Boo Nieves and loses puck.
17:34 of 2nd period - Snap shot by Dalton Prout.
17:34 of 2nd period - Shot Blocked by Ryan Dmowski.
17:36 of 2nd period - Wrist shot by Teddy Blueger.
17:36 of 2nd period - Shot Blocked by Kyle Burroughs.
17:38 of 2nd period - Slapshot by Cory Conacher.
17:38 of 2nd period - Shot Misses the Net.
17:40 of 2nd period - Snap shot by Nick DeSimone.
17:40 of 2nd period - Stopped by Unknown Goalie with a rebound.
17:42 of 2nd period - Slapshot by Nick DeSimone.
17:42 of 2nd period - Stopped by Unknown Goalie with a rebound.
17:44 of 2nd period - Snap shot by Teddy Blueger.
17:44 of 2nd period - Goal by Teddy Blueger - Rimouski Oceanic : 1 - Hershey Bears : 8.
17:44 of 2nd period - Filip Gustavsson enters game.
17:45 of 2nd period - Riley Barber wins face-off versus Brett Howden in neutral zone.
17:50 of 2nd period - Slapshot by Nick Paul.
17:50 of 2nd period - Deflect By Riley Barber.
17:50 of 2nd period - Shot Blocked by Colby Sissons.
17:50 of 2nd period - Puck is out of play.
17:51 of 2nd period - Brett Howden wins face-off versus Riley Barber in Hershey Bears zone.
17:56 of 2nd period - Slapshot by Riley Stillman.
17:56 of 2nd period - Shot Blocked by Andreas Englund.
17:58 of 2nd period - Slapshot by Colby Sissons.
17:58 of 2nd period - Stopped by Filip Gustavsson without a rebound.
17:59 of 2nd period - Brett Howden wins face-off versus Nick Paul in Rimouski Oceanic zone.
18:24 of 2nd period - Brendan Gaunce is hit by Dan Renouf and loses puck.
19:00 of 2nd period - Minor Penalty to Matt Donovan for Holding.
19:01 of 2nd period - Riley Barber wins face-off versus Colby Cave in Hershey Bears zone.
19:02 of 2nd period - Slapshot by Nick Paul.
19:02 of 2nd period - Deflect By Deven Sideroff.
19:02 of 2nd period - Shot Misses the Net.
19:02 of 2nd period - Puck is out of play.
19:03 of 2nd period - Colby Cave wins face-off versus Riley Barber in Hershey Bears zone.
19:37 of 2nd period - Ben Sexton is hit by Colby Cave and loses puck.
Goals for this period are 1 for Rimouski Oceanic vs 4 for Hershey Bears.
Shots for this period are 24 for Rimouski Oceanic vs 16 for Hershey Bears.

3rd period


0:01 of 3rd period - Riley Barber wins face-off versus Colby Cave in neutral zone.
0:26 of 3rd period - Snap shot by Felix Girard.
0:26 of 3rd period - Stopped by Devin Williams with a rebound.
0:28 of 3rd period - Slapshot by Dan Renouf.
0:28 of 3rd period - Stopped by Devin Williams with a rebound.
0:30 of 3rd period - Slapshot by Andreas Englund.
0:30 of 3rd period - Stopped by Devin Williams without a rebound.
0:31 of 3rd period - Ben Sexton wins face-off versus Colby Cave in Hershey Bears zone.
1:00 of 3rd period - Penalty to Matt Donovan is over, Matt Donovan is back on ice.
1:04 of 3rd period - Wrist shot by Ryan Dmowski.
1:04 of 3rd period - Goal by Ryan Dmowski - Rimouski Oceanic : 2 - Hershey Bears : 8.
1:05 of 3rd period - Riley Barber wins face-off versus Brett Howden in neutral zone.
1:30 of 3rd period - Colby Sissons is hit by Connor Carrick and loses puck.
2:03 of 3rd period - Wrist shot by Brett Howden.
2:03 of 3rd period - Shot Misses the Net.
2:05 of 3rd period - Slapshot by Cory Conacher.
2:05 of 3rd period - Shot Misses the Net.
2:07 of 3rd period - Snap shot by Colby Sissons.
2:07 of 3rd period - Shot Blocked by Taylor Fedun.
2:09 of 3rd period - Snap shot by Cory Conacher.
2:09 of 3rd period - Stopped by Filip Gustavsson with a rebound.
2:11 of 3rd period - Slapshot by Colby Sissons.
2:11 of 3rd period - Shot Blocked by Taylor Fedun.
2:13 of 3rd period - Snap shot by Cory Conacher.
2:13 of 3rd period - Stopped by Filip Gustavsson with a rebound.
2:15 of 3rd period - Backhand shot by Riley Stillman.
2:15 of 3rd period - Shot Blocked by Connor Carrick.
2:17 of 3rd period - Slapshot by Colby Sissons.
2:17 of 3rd period - Shot Blocked by Taylor Fedun.
2:19 of 3rd period - Snap shot by Colby Sissons.
2:19 of 3rd period - Shot Blocked by Taylor Fedun.
2:21 of 3rd period - Wrist shot by Riley Stillman.
2:21 of 3rd period - Shot Misses the Net.
2:30 of 3rd period - Minor Penalty to Felix Girard for Holding.
2:31 of 3rd period - Brendan Gaunce wins face-off versus Riley Barber in Rimouski Oceanic zone.
4:05 of 3rd period - Matt Donovan is hit by Andreas Englund.
4:30 of 3rd period - Penalty to Felix Girard is over, Felix Girard is back on ice.
4:59 of 3rd period - Wrist shot by Felix Girard.
4:59 of 3rd period - Shot Misses the Net.
8:28 of 3rd period - Cory Conacher is hit by Deven Sideroff and loses puck.
9:01 of 3rd period - Wrist shot by Brett Pollock.
9:01 of 3rd period - Shot Misses the Net.
9:56 of 3rd period - Kyle Burroughs is hit by Travis St. Denis and loses puck.
10:15 of 3rd period - Andreas Englund is hit by Boo Nieves and loses puck.
11:16 of 3rd period - Connor Carrick is hit by Boo Nieves and loses puck.
12:15 of 3rd period - Snap shot by Boo Nieves.
12:15 of 3rd period - Stopped by Filip Gustavsson with a rebound.
12:17 of 3rd period - Slapshot by Colby Sissons.
12:17 of 3rd period - Deflect By Matheson Iacopelli.
12:17 of 3rd period - Deflect By Ryan MacInnis.
12:17 of 3rd period - Shot Misses the Net.
12:17 of 3rd period - Puck is out of play.
12:18 of 3rd period - Ryan MacInnis wins face-off versus Boo Nieves in Rimouski Oceanic zone.
12:18 of 3rd period - Ryan MacInnis is hit by Dalton Prout.
12:36 of 3rd period - Snap shot by Cory Conacher.
12:36 of 3rd period - Stopped by Filip Gustavsson with a rebound.
12:38 of 3rd period - Slapshot by Dalton Prout.
12:38 of 3rd period - Deflect By Riley Barber.
12:38 of 3rd period - Stopped by Filip Gustavsson with a rebound.
12:40 of 3rd period - Slapshot by Nick DeSimone.
12:40 of 3rd period - Shot Misses the Net.
12:42 of 3rd period - Slapshot by Colby Sissons.
12:42 of 3rd period - Shot Misses the Net.
13:21 of 3rd period - Wrist shot by Boo Nieves.
13:21 of 3rd period - Stopped by Filip Gustavsson with a rebound.
13:38 of 3rd period - Off-side.
13:39 of 3rd period - Brett Howden wins face-off versus Riley Barber in neutral zone.
13:56 of 3rd period - Snap shot by Brendan Gaunce.
13:56 of 3rd period - Shot Blocked by Ryan MacInnis.
13:58 of 3rd period - Slapshot by Dalton Prout.
13:58 of 3rd period - Shot Misses the Net.
14:00 of 3rd period - Snap shot by Travis St. Denis.
14:00 of 3rd period - Deflect By Brendan Gaunce.
14:00 of 3rd period - Stopped by Filip Gustavsson without a rebound.
14:01 of 3rd period - Brett Howden wins face-off versus Riley Barber in Rimouski Oceanic zone.
14:10 of 3rd period - Snap shot by Deven Sideroff.
14:10 of 3rd period - Shot Blocked by Matt Donovan.
14:12 of 3rd period - Slapshot by Dan Renouf.
14:12 of 3rd period - Shot Misses the Net.
14:14 of 3rd period - Backhand shot by Riley Barber.
14:14 of 3rd period - Stopped by Devin Williams without a rebound.
14:15 of 3rd period - Ben Sexton wins face-off versus Brendan Gaunce in Hershey Bears zone.
14:45 of 3rd period - Wrist shot by Brett Howden.
14:45 of 3rd period - Shot Misses the Net.
14:47 of 3rd period - Slapshot by Matt Donovan.
14:47 of 3rd period - Shot Misses the Net.
14:49 of 3rd period - Snap shot by Brett Howden.
14:49 of 3rd period - Shot Misses the Net.
15:30 of 3rd period - Icing by Brett Pollock.
15:31 of 3rd period - Boo Nieves wins face-off versus Ryan MacInnis in Hershey Bears zone.
15:31 of 3rd period - Boo Nieves is hit by Ben Sexton.
15:51 of 3rd period - Igor Ozhiganov is hit by Andreas Englund and loses puck.
16:26 of 3rd period - Riley Barber is hit by Igor Ozhiganov and loses puck.
16:33 of 3rd period - Igor Ozhiganov is hit by Connor Carrick and loses puck.
16:50 of 3rd period - Snap shot by Riley Barber.
16:50 of 3rd period - Deflect By Deven Sideroff.
16:50 of 3rd period - Shot Misses the Net.
16:50 of 3rd period - Puck is out of play.
16:51 of 3rd period - Ben Sexton wins face-off versus Brendan Gaunce in Hershey Bears zone.
16:58 of 3rd period - Snap shot by Ryan Dmowski.
16:58 of 3rd period - Deflect By Felix Girard.
16:58 of 3rd period - Shot Misses the Net.
16:58 of 3rd period - Puck is out of play.
16:59 of 3rd period - Felix Girard wins face-off versus Brendan Gaunce in Hershey Bears zone.
17:07 of 3rd period - Nick DeSimone is hit by Ryan Dmowski.
17:13 of 3rd period - Wrist shot by Colby Cave.
17:13 of 3rd period - Stopped by Filip Gustavsson without a rebound.
17:14 of 3rd period - Nicolas Roy wins face-off versus Ben Sexton in Rimouski Oceanic zone.
17:25 of 3rd period - Snap shot by Nicolas Roy.
17:25 of 3rd period - Shot Blocked by Ryan Dmowski.
17:27 of 3rd period - Slapshot by Dalton Prout.
17:27 of 3rd period - Shot Blocked by Mark Alt.
17:29 of 3rd period - Snap shot by Ross Colton.
17:29 of 3rd period - Stopped by Filip Gustavsson with a rebound.
17:35 of 3rd period - Minor Penalty to Kyle Burroughs for Tripping.
17:36 of 3rd period - Teddy Blueger wins face-off versus Riley Barber in Rimouski Oceanic zone.
18:22 of 3rd period - Snap shot by Felix Girard.
18:22 of 3rd period - Stopped by Devin Williams with a rebound.
18:24 of 3rd period - Slapshot by Dan Renouf.
18:24 of 3rd period - Shot Blocked by Igor Ozhiganov.
18:26 of 3rd period - Snap shot by Andreas Englund.
18:26 of 3rd period - Deflect By Dalton Prout.
18:26 of 3rd period - Stopped by Devin Williams with a rebound.
18:43 of 3rd period - Off-side.
18:44 of 3rd period - Steven Fogarty wins face-off versus Brett Howden in neutral zone.
19:23 of 3rd period - Taylor Fedun is hit by Brett Howden and loses puck.
19:35 of 3rd period - Penalty to Kyle Burroughs is over, Kyle Burroughs is back on ice.
Goals for this period are 1 for Rimouski Oceanic vs 0 for Hershey Bears.
Shots for this period are 7 for Rimouski Oceanic vs 9 for Hershey Bears. Output by the SimonT Hockey Simulator (STHS) for Alexandre Lamarre - Original Page W3C HTML5 Valid
Hockey Simulator - Hockey Simulation - Hockey Manager